 Dungeon Crawl Stone Soup version 0.23-a0-208-gb6b040f (webtiles) character file.

261 PurpleRed the Ruffian (level 6, -2/39 HPs)
             Began as an Octopode Wanderer on Sept 24, 2018.
             Shot with a sling bullet by a hobgoblin (3 damage)
             ... on level 3 of the Dungeon.
             The game lasted 00:11:43 (3983 turns).

PurpleRed the Ruffian (Octopode Wanderer)           Turns: 3983, Time: 00:11:43

Health: -2/39      AC:  1    Str: 15    XL:     6   Next: 18%
Magic:  6/7        EV: 12    Int: 12    God:
Gold:   144        SH:  0    Dex: 12    Spells: 2/7 levels left

rFire    . . .     SeeInvis .     - Unarmed
rCold    . . .     Gourm    .   (no shield)
rNeg     + . .     Faith    .   (helmet restricted)
rPois    .         Spirit   .   (no amulet)
rElec    .         Reflect  .   n - ring of positive energy
rCorr    .         Harm     .   o - ring of flight
MR       .....                  (no ring)
Stlth    +++.......             (no ring)
HPRegen  0.13/turn              (no ring)
MPRegen  0.10/turn              (no ring)
                                (no ring)
                                (no ring)

@: no status effects
A: almost no armour, stealthy swim, amphibious, 8 rings, constrict 8, camouflage
1, gelatinous body 1
a: Evoke Flight


You were on level 3 of the Dungeon.
You were not hungry.

You visited 1 branch of the dungeon, and saw 3 of its levels.

You collected 144 gold pieces.

Inventory:

Hand Weapons
 d - a +0 club
 e - a +0 dagger
 i - a +0 hunting sling
Missiles
 b - 32 sling bullets
Jewellery
 n - a ring of positive energy (left tentacle)
 o - a ring of flight (right tentacle)
Wands
 m - a wand of polymorph (1)
Scrolls
 g - a scroll of blinking {unknown}
 h - 2 scrolls of amnesia {unknown}
 j - a scroll of identify
 q - a scroll of fog {unknown}
Potions
 a - a potion of heal wounds
 k - a potion of invisibility {unknown}
 l - a potion of brilliance {unknown}
Comestibles
 f - 5 rations
 p - 3 chunks of flesh


   Skills:
 - Level 2.0 Fighting
 - Level 1.0 Maces & Flails
 - Level 2.6 Stealth
 + Level 4.4 Unarmed Combat
 - Level 1.0 Spellcasting
   Level 3.0 Hexes
 + Level 1.5 Charms
   Level 1.0 Summonings
 - Level 3.0 Ice Magic


You had 2 spell levels left.
You knew the following spells:

 Your Spells              Type           Power        Failure   Level  Hunger
a - Magic Dart            Conj           #...         30%         1    ##.....
b - Freeze                Ice            #...         9%          1    ##.....
c - Ozocubu's Armour      Chrm/Ice       #.......     34%         3    ####...

Your spell library contained the following spells:

 Spells                   Type           Power        Failure   Level  Hunger
 Slow                     Hex            #.......     13%         2    ###....
 Call Imp                 Summ           #.......     30%         2    ###....
 Blink                    Tloc           N/A          41%         2    ###....
 Conjure Flame            Conj/Fire      #.......     65%         3    ####...
 Mephitic Cloud           Conj/Pois/Air  #.......     65%         3    ####...


Dungeon Overview and Level Annotations

Branches:
Dungeon (3/15)

Altars:
Gozag
Ru
Zin


Innate Abilities, Weirdness & Mutations

You cannot wear most types of armour.
You are very stealthy in the water. (Stealth+)
You are amphibious.
You can wear up to eight rings at the same time.
You can use your tentacles to constrict eight enemies at once.
Your skin changes colour to match your surroundings (Stealth+).
Your rubbery body absorbs attacks. (AC +1, EV +1)


Message History

You feel sick.
You feel sick. The hobgoblin closely misses you.
You feel sick.
The goblin shoots a stone.
The stone barely misses you.
You feel sick.
You feel sick.
The hobgoblin wields an uncursed hunting sling.
The hobgoblin shoots a sling bullet.
The sling bullet hits you!
* * * LOW HITPOINT WARNING * * *
You see here a sling bullet.
* * * LOW HITPOINT WARNING * * *
You feel sick.
* * * LOW HITPOINT WARNING * * *
You feel sick.
You feel better. The hobgoblin misses you.
The hobgoblin shoots a sling bullet.
The sling bullet hits you!
* * * LOW HITPOINT WARNING * * *
You see here a sling bullet.
The hobgoblin shoots a sling bullet.
The sling bullet hits you.
You die...

≈≈≈≈≈≈≈.....≈≈≈≈≈≈≈≈≈≈≈≈≈≈≈≈≈≈
≈≈≈≈≈≈≈.....≈≈≈≈≈≈≈≈≈≈≈≈≈≈≈≈≈≈
≈≈≈≈≈≈.....≈≈≈≈≈≈≈≈≈≈≈≈≈≈≈≈≈≈≈
#######''####################
#....#.......#..........
#.(..#.......'.......... ###
##))..#########g....(((†g
....#..(...#....g(gg..#######
....'......'@(gKgg)g..#
....#..)...#..g.g(g...#######
######....#########..........
#....#.......'..........
#....#.......#..........
#################################
≈≈≈≈≈≈≈≈≈≈≈≈≈≈≈≈≈≈≈≈≈≈≈≈≈≈≈≈≈≈≈≈≈
≈≈≈≈≈≈≈≈≈≈≈≈≈≈≈≈≈≈≈≈≈≈≈≈≈≈≈≈≈≈≈≈≈
≈≈≈≈≈≈≈≈≈≈≈≈≈≈≈≈≈≈≈≈≈≈≈≈≈≈≈≈≈≈≈≈≈


You could see 3 gnolls, 6 hobgoblins, 2 goblins and a kobold.

Vanquished Creatures
  Jessica (D:2)
  Natasha (thrice) (D:2)
  6 adders
  2 worms
  3 dart slugs
  5 orcs (D:3)
  3 ball pythons
  4 giant cockroaches (D:3)
  13 goblins
  13 hobgoblins
  8 jackals (D:3)
  A ball python skeleton (D:2)
  9 bats
  4 frilled lizards
  A jackal skeleton (D:3)
  8 kobolds
  5 rats
89 creatures vanquished.

Notes
Turn   | Place    | Note
-------+----------+-------------------------------------------
     0 | D:1      | PurpleRed the Octopode Wanderer began the quest for the
                  | Orb.
     0 | D:1      | PurpleRed set off with: a potion of curing, a +0 club, a +0
                  | dagger, a ration
     0 | D:1      | Reached XP level 1. HP: 14/14 MP: 2/2
     3 | D:1      | Learned a level 1 spell: Magic Dart
     5 | D:1      | Learned a level 1 spell: Freeze
   225 | D:1      | Reached skill level 1 in Unarmed Combat
   225 | D:1      | Reached skill level 1 in Ice Magic
   225 | D:1      | Reached XP level 2. HP: 19/19 MP: 3/3
   809 | D:1      | Reached XP level 3. HP: 24/24 MP: 4/4
  1284 | D:2      | Noticed Jessica
  1318 | D:2      | Reached skill level 2 in Unarmed Combat
  1423 | D:2      | Killed Jessica
  1423 | D:2      | Reached XP level 4. HP: 25/29 MP: 3/5
  1429 | D:2      | Learned a level 3 spell: Ozocubu's Armour
  1527 | D:2      | Noticed Natasha
  1541 | D:2      | Killed Natasha
  1781 | D:2      | Reached skill level 3 in Unarmed Combat
  2040 | D:2      | Reached XP level 5. HP: 34/34 MP: 6/6
  2258 | D:2      | Found an opulent altar of Gozag.
  2566 | D:2      | Noticed Natasha
  2576 | D:2      | Killed Natasha
  2725 | D:2      | Noticed Natasha
  2737 | D:2      | Killed Natasha
  2737 | D:2      | Reached skill level 4 in Unarmed Combat
  2760 | D:3      | Found a sacrificial altar of Ru.
  2897 | D:3      | Found a glowing silver altar of Zin.
  3050 | D:3      | Found a faded altar of an unknown god.
  3321 | D:3      | Reached skill level 1 in Charms
  3435 | D:3      | Reached XP level 6. HP: 27/39 MP: 7/7
  3982 | D:3      | HP: 1/39 [hobgoblin/sling bullet (10)]
  3983 | D:3      | Shot with a sling bullet by a hobgoblin

Vault maps used:
D:1:      mushboom_english_gardens, feat_on_display
D:2:      grunt_gozag_breadcrumbs, uniq_jessica, uniq_natasha
D:3:      minmay_goblin_kobold_castle, old_standard_altar, lemuel_doored_altar,
          first_ration, chequers_ecumenical_altar_simple_redux,
          minmay_misc_feat_nine_boxes, skrybe_limestone_x

Skill      XL: |  1  2  3  4  5 |
---------------+----------------+-----
Unarmed Combat | 1 2 3 4 |  4.4
Ice Magic      | 1 2 3 |  3.0
Charms         | 1 |  1.5
Fighting       | |  2.0
Maces & Flails | |  1.0
Stealth        | |  2.6
Spellcasting   | |  1.0
Hexes          | |  3.0
Summonings     | |  1.0

Action                   |  1- 3 |  4- 6 || total
-------------------------+-------+-------++-------
Melee: Unarmed           |    46 |   124 ||   170
       Constrict         |    18 |    36 ||    54
       Tentacles         |     9 |    23 ||    32
       Punch             |       |     4 ||     4
 Cast: Freeze            |    10 |    15 ||    25
       Magic Dart        |     1 |       ||     1
  Use: Scroll            |     1 |     1 ||     2
       Potion            |       |     1 ||     1
 Stab: Sleeping          |     6 |    12 ||    18
  Eat: Chunk             |     2 |     5 ||     7
       Ration            |       |     1 ||     1
Armor: Skin              |     8 |     4 ||    12
Dodge: Dodged            |    34 |   100 ||   134

Table legend:
 A = Non-vault XP
 B = Vault XP
 C = Vault XP percentage of total XP
 D = Non-vault monster count
 E = Vault monster count
 F = Vault count percentage of total count
                 A         B        C        D         E       F
            +---------+---------+-------+---------+---------+-------
      Total |     275 |      98 |  26.3 |      74 |      15 |  16.9
            +---------+---------+-------+---------+---------+-------
        D:1 |      37 |       0 |   0.0 |      22 |       0 |   0.0
        D:2 |     148 |      72 |  32.7 |      18 |       2 |  10.0
        D:3 |      90 |      26 |  22.4 |      34 |      13 |  27.7
            +---------+---------+-------+---------+---------+-------
